SAN JOSE vs LOS ANGELES

Created - Saturday, April 21, 2018 at 12:41

Goals
1 2 3 T
SAN JOSE 0 1 1 2
LOS ANGELES 1 2 1 4
Shots
1 2 3 T
SAN JOSE 8 5 7 20
LOS ANGELES 11 18 8 37

1st period

1. LOS ANGELES , Ryan McDonagh 21 (Alex Goligoski 43, Mika Zibanejad 40) at 6:49 (PP)

Penalties :
Cody Ceci (SJ ) for Holding (Minor) at 5:39, Valtteri Filppula (LOS) for Tripping (Minor) at 12:14, Alexei Emelin (SJ ) for Roughing (Minor) at 17:26, Brandon Dubinsky (SJ ) for Elbowing (Minor) at 19:58

2nd period

2. LOS ANGELES , Valtteri Filppula 12 (Alex Goligoski 44, Mika Zibanejad 41) at 3:41
3. LOS ANGELES , Matthew Tkachuk 22 (Antoine Vermette 27, Derek Forbort 18) at 8:39
4. SAN JOSE , Mike Fisher 26 (Cody Ceci 34, Kevin Hayes 29) at 11:24 (PP)

Penalties :
Cody Ceci (SJ ) for Hooking (Minor) at 8:54, David Savard (SJ ) for Slashing (Minor) at 8:57, Derek Forbort (LOS) for High sticking (Minor) at 10:01, Jesper Fast (SJ ) for Hooking (Minor) at 11:28, Mike Fisher (SJ ) for Holding (Minor) at 16:34

3rd period

5. LOS ANGELES , Matthew Tkachuk 23 (Antoine Vermette 28, Cam Fowler 36) at 2:34
6. SAN JOSE , Brian Dumoulin 10 (Kevin Hayes 30, Shane Doan 17) at 14:03

Penalties :
Matt Stajan (LOS) for Hooking (Minor) at 3:53, Cody Ceci (SJ ) for Interference (Minor) at 3:53, Antoine Vermette (LOS) for Goalie Interference (Minor) at 18:06

Goalie Stats

Steve Mason (SJ ), 33 saves from 37 shots - (0.892), L, 17-18-8, 60:00 minutes
Antti Raanta (LOS), 18 saves from 20 shots - (0.900), W, 31-24-9, 60:00 minutes

Players Stats for SAN JOSE

Player Name              G  A  P  +/- PIM S  H  SB GA TA FO     MP     PP MP  PK MP  
------------------------------------------------------------------------------------
Alexei Emelin            0  0  0  -1  2   1  3  3  0  0  0/0    20:51   2:22   4:13 
Beau Bennett             0  0  0   0  0   0  1  0  0  0  0/0     6:56   0:00   0:51 
Brandon Dubinsky         0  0  0   0  2   0  1  0  0  0  3/6     6:04   0:00   0:00 
Brent Seabrook           0  0  0  -1  0   0  4  3  0  0  0/0    26:05   1:58   5:29 
Brian Dumoulin           1  0  1   0  0   1  2  0  0  0  0/0    12:34   0:00   0:00 
Brooks Orpik             0  0  0   0  0   0  1  0  0  0  0/0    14:14   0:00   2:34 
Chris Kreider            0  0  0   0  0   2  4  0  0  0  0/0    16:19   2:00   0:00 
Cody Ceci                0  1  1  -1  6   2  1  3  0  0  0/0    20:16   2:22   4:31 
Corey Perry              0  0  0   0  0   3  0  0  0  0  0/2    19:18   2:00   2:30 
David Savard             0  0  0  -1  2   3  1  1  0  0  0/0    21:55   1:58   4:07 
Devin Shore              0  0  0   0  0   0  0  0  0  0  0/1     0:36   0:00   0:00 
Jesper Fast              0  0  0  -2  2   0  0  0  0  0  0/0     9:46   0:00   0:00 
Jussi Jokinen            0  0  0   0  0   0  0  0  0  0  0/0     6:05   0:00   0:00 
Kevin Hayes              0  2  2   0  0   0  0  0  0  0  0/0    14:42   2:20   0:00 
Martin Hanzal            0  0  0  -2  0   1  2  0  0  0  11/18  12:46   0:00   2:30 
Mathieu Perreault        0  0  0  -2  0   3  0  1  0  0  0/2    12:15   0:00   2:28 
Mike Fisher              1  0  1   0  2   2  2  0  0  0  8/16   20:34   2:20   4:20 
Roman Polak              0  0  0   0  0   0  1  0  0  0  0/0     4:00   0:00   1:15 
Shane Doan               0  1  1   0  0   0  1  0  0  0  0/0    14:42   2:20   0:00 
Travis Zajac             0  0  0   0  0   2  2  1  0  0  20/47  24:51   2:00   7:35 

Players Stats for LOS ANGELES

Player Name              G  A  P  +/- PIM S  H  SB GA TA FO     MP     PP MP  PK MP  
------------------------------------------------------------------------------------
Alex Goligoski           0  2  2   1  0   3  1  0  0  0  0/0    24:52   5:28   2:17 
Andrew Desjardins        0  0  0   0  0   0  0  0  0  0  0/0     0:00   0:00   0:00 
Antoine Vermette         0  2  2   2  2   3  1  1  0  0  7/21   13:55   0:00   1:32 
Cam Fowler               0  1  1   1  0   5  2  1  0  0  0/0    23:54   4:45   2:03 
Cody Eakin               0  0  0   0  0   0  0  1  0  0  1/2     5:45   0:00   0:00 
Derek Forbort            0  1  1   0  2   0  0  0  0  0  0/0    15:58   4:44   0:00 
Fedor Tyutin             0  0  0   0  0   1  1  0  0  0  0/0    11:14   0:00   0:00 
Ian Cole                 0  0  0   1  0   2  2  0  0  0  0/0    19:06   0:00   2:03 
Jeff Skinner             0  0  0   0  0   2  0  0  0  0  0/1    20:06   5:36   0:00 
John Mitchell            0  0  0   0  0   0  0  0  0  0  0/0     5:45   0:00   0:00 
Jonathan Toews           0  0  0   0  0   5  2  1  0  0  17/29  20:45   5:17   0:58 
Matt Stajan              0  0  0   0  2   0  1  2  0  0  8/14   12:28   0:00   0:55 
Matthew Tkachuk          2  0  2   2  0   3  4  0  0  0  0/1    17:01   4:37   0:00 
Mika Zibanejad           0  2  2   0  0   3  0  0  0  0  11/14  19:34   4:56   1:50 
Mike Hoffman             0  0  0   0  0   2  0  0  0  0  2/3    19:21   5:17   0:00 
Nikolai Kulemin          0  0  0   2  0   2  0  0  0  0  3/5    20:06   4:56   2:46 
Ryan McDonagh            1  0  1   1  0   4  1  0  0  0  0/0    24:55   5:28   2:17 
Valtteri Filppula        1  0  1   0  2   2  2  0  0  0  1/2    12:12   0:00   0:39 
Vernon Fiddler           0  0  0   0  0   0  2  0  0  0  0/0     5:45   0:00   0:00 

3 Stars

1 - Matthew Tkachuk (LOS)
2 - Ryan McDonagh (LOS)
3 - Alex Goligoski (LOS)

Power Play

SAN JOSE - 1 on 3 Attempt(s) - 33.33%
LOS ANGELES - 1 on 7 Attempt(s) - 14.29%

Penalty Kill

SAN JOSE - 6 on 7 Attempt(s) - 85.71% - Score 0 goal in Penalty Kill
LOS ANGELES - 2 on 3 Attempt(s) - 66.67% - Score 0 goal in Penalty Kill

Team Stat

SAN JOSE - Hits : 26 - Faceoff Wins : 42 - Blocked Shots : 12 - Penalty Minutes : 16
LOS ANGELES - Hits : 19 - Faceoff Wins : 50 - Blocked Shots : 6 - Penalty Minutes : 8

Official

Referees : Unknown
Linesman : Unknown

Game Notes

No Game Note

Finance

Level 1 -- Attendance: 4752 (79.20%) -- Ticket Income $475,200
Level 2 -- Attendance: 3682 (73.64%) -- Ticket Income $220,920
Level 3 -- Attendance: 1890 (94.50%) -- Ticket Income $66,150
Level 4 -- Attendance: 3879 (96.98%) -- Ticket Income $77,580
Luxury Box -- Attendance: 688 (68.80%) -- Ticket Income $137,600
Game was played at the Staples Center.
Total Attendance: 14891 (82.73%)
Total Ticket Income: $977,450
Total Income: $977,450

SAN JOSE

5 vs 5 Forward 
   Center                   Left Wing                Right Wing               Time % Phy DF OF 
 1 Travis Zajac             Chris Kreider            Corey Perry              35     1   2  2  
 2 Mike Fisher              Kevin Hayes              Shane Doan               30     1   2  2  
 3 Martin Hanzal            Mathieu Perreault        Jesper Fast              25     1   2  2  
 4 Brandon Dubinsky         Jussi Jokinen            Beau Bennett             10     1   2  2  

5 vs 5 Defense 
   Defense                  Defense                                           Time % Phy DF OF 
 1 Brent Seabrook           David Savard                                      35     1   2  2  
 2 Cody Ceci                Alexei Emelin                                     30     1   2  2  
 3 Brian Dumoulin           Brooks Orpik                                      25     1   2  2  
 4 Roman Polak              Brent Seabrook                                    10     1   2  2  

PowerPlay Forward 
   Center                   Left Wing                Right Wing               Time % Phy DF OF 
 1 Travis Zajac             Chris Kreider            Corey Perry              60     1   2  2  
 2 Mike Fisher              Kevin Hayes              Shane Doan               40     1   2  2  

PowerPlay Defense
   Defense                  Defense                                           Time % Phy DF OF 
 1 Brent Seabrook           David Savard                                      60     1   2  2  
 2 Cody Ceci                Alexei Emelin                                     40     1   2  2  

Penalty Kill 4 Players Forward 
   Center                   Wing                     Time % Phy DF OF 
 1 Travis Zajac             Mike Fisher              60     1   2  2  
 2 Martin Hanzal            Corey Perry              40     1   2  2  

Penalty Kill 4 Players Defense
   Defense                  Defense                  Time % Phy DF OF 
 1 Brent Seabrook           David Savard             60     1   2  2  
 2 Cody Ceci                Alexei Emelin            40     1   2  2  

Penalty Kill - 3 Players Forward 
   Forward                                           Time % Phy DF OF 
 1 Travis Zajac                                      60     1   2  2  
 2 Mike Fisher                                       40     1   2  2  

Penalty Kill - 3 Players Defense
   Defense                  Defense                  Time % Phy DF OF 
 1 Brent Seabrook           David Savard             60     1   2  2  
 2 Cody Ceci                Alexei Emelin            40     1   2  2  

4 vs 4 Forward 
   Center                   Wing                     Time % Phy DF OF 
 1 Travis Zajac             Mike Fisher              60     1   2  2  
 2 Martin Hanzal            Corey Perry              40     1   2  2  

4 vs 4 Defense
   Defense                  Defense                  Time % Phy DF OF 
 1 Brent Seabrook           David Savard             60     1   2  2  
 2 Cody Ceci                Alexei Emelin            40     1   2  2  

Last Minutes Offensive
   Center                   Left Wing                Right Wing               Defense                  Defense                  
   Travis Zajac             Chris Kreider            Corey Perry              Brent Seabrook           David Savard             

Last Minutes Defensive
   Center                   Left Wing                Right Wing               Defense                  Defense                  
   Travis Zajac             Chris Kreider            Corey Perry              Brent Seabrook           David Savard             

Goaltenders
Starting : Steve Mason              
Backup : Nick Ellis               

Extra Forwards
Normal : Devin Shore, Brandon Dubinsky, Mathieu Perreault - PP : Devin Shore, Brandon Dubinsky - PK : Mathieu Perreault
Extra Defensemen
Normal : Brian Dumoulin, Brooks Orpik, Roman Polak - PP : Brian Dumoulin - PK : Brooks Orpik, Roman Polak
Penalty Shots
Travis Zajac, Mike Fisher, Martin Hanzal, Corey Perry, Brandon Dubinsky

Scratches
SJ CAP HIT (Suspend), Jake Allen (Suspend)

LOS ANGELES

5 vs 5 Forward 
   Center                   Left Wing                Right Wing               Time % Phy DF OF 
 1 Jonathan Toews           Jeff Skinner             Mike Hoffman             33     0   1  4  
 2 Antoine Vermette         Matthew Tkachuk          Nikolai Kulemin          32     0   2  3  
 3 Matt Stajan              Valtteri Filppula        Mika Zibanejad           30     1   2  2  
 4 Cody Eakin               Vernon Fiddler           John Mitchell            5      0   4  1  

5 vs 5 Defense 
   Defense                  Defense                                           Time % Phy DF OF 
 1 Cam Fowler               Ryan McDonagh                                     40     1   2  2  
 2 Alex Goligoski           Ian Cole                                          35     1   3  1  
 3 Fedor Tyutin             Derek Forbort                                     20     1   3  1  
 4 Ryan McDonagh            Cam Fowler                                        5      1   3  1  

PowerPlay Forward 
   Center                   Left Wing                Right Wing               Time % Phy DF OF 
 1 Jonathan Toews           Matthew Tkachuk          Mike Hoffman             50     0   0  5  
 2 Mika Zibanejad           Jeff Skinner             Nikolai Kulemin          50     0   0  5  

PowerPlay Defense
   Defense                  Defense                                           Time % Phy DF OF 
 1 Ryan McDonagh            Alex Goligoski                                    50     0   1  4  
 2 Derek Forbort            Cam Fowler                                        50     1   1  3  

Penalty Kill 4 Players Forward 
   Center                   Wing                     Time % Phy DF OF 
 1 Antoine Vermette         Nikolai Kulemin          60     1   4  0  
 2 Matt Stajan              Valtteri Filppula        40     1   4  0  

Penalty Kill 4 Players Defense
   Defense                  Defense                  Time % Phy DF OF 
 1 Cam Fowler               Ian Cole                 55     1   4  0  
 2 Ryan McDonagh            Alex Goligoski           45     1   4  0  

Penalty Kill - 3 Players Forward 
   Forward                                           Time % Phy DF OF 
 1 Jonathan Toews                                    60     1   4  0  
 2 Antoine Vermette                                  40     1   4  0  

Penalty Kill - 3 Players Defense
   Defense                  Defense                  Time % Phy DF OF 
 1 Cam Fowler               Ryan McDonagh            60     1   4  0  
 2 Derek Forbort            Ian Cole                 40     1   4  0  

4 vs 4 Forward 
   Center                   Wing                     Time % Phy DF OF 
 1 Jonathan Toews           Jeff Skinner             55     1   2  2  
 2 Mika Zibanejad           Mike Hoffman             45     1   2  2  

4 vs 4 Defense
   Defense                  Defense                  Time % Phy DF OF 
 1 Cam Fowler               Ian Cole                 60     1   2  2  
 2 Alex Goligoski           Ryan McDonagh            40     1   2  2  

Last Minutes Offensive
   Center                   Left Wing                Right Wing               Defense                  Defense                  
   Jonathan Toews           Jeff Skinner             Mike Hoffman             Cam Fowler               Ryan McDonagh            

Last Minutes Defensive
   Center                   Left Wing                Right Wing               Defense                  Defense                  
   Jonathan Toews           Matthew Tkachuk          Nikolai Kulemin          Cam Fowler               Ryan McDonagh            

Goaltenders
Starting : Antti Raanta             
Backup : Louis Domingue           

Extra Forwards
Normal : Matthew Tkachuk, Jeff Skinner, Jonathan Toews - PP : Matthew Tkachuk, Jeff Skinner - PK : Mika Zibanejad
Extra Defensemen
Normal : Cam Fowler, Ryan McDonagh, Ian Cole - PP : Ryan McDonagh - PK : Ryan McDonagh, Cam Fowler
Penalty Shots
Jeff Skinner, Matthew Tkachuk, Jonathan Toews, Mike Hoffman, Mika Zibanejad

Scratches
Steven Santini (Healthy), LA CAP HIT (Suspend)

% Time on Ice - SAN JOSE

Lines # - Real PCT - Wanted PCT - Time Play
Normal Forward
1 - 34% - 35% - 14:19
2 - 29% - 30% - 12:22
3 - 23% - 25% - 9:47
4 - 14% - 10% - 6:05
Normal Defense
1 - 35% - 35% - 14:42
2 - 32% - 30% - 13:26
3 - 27% - 25% - 11:40
4 - 6% - 10% - 2:45
PP Forward
1 - 46% - 60% - 2:00
2 - 54% - 40% - 2:20
PP Defense
1 - 45% - 60% - 1:58
2 - 55% - 40% - 2:22
PK Forward
1 - 73% - 60% - 6:39
2 - 27% - 40% - 2:30
PK Defense
1 - 45% - 60% - 4:08
2 - 55% - 40% - 5:01
PK3 Forward
1 - 88% - 60% - 1:42
2 - 12% - 40% - 0:14
PK3 Defense
1 - 70% - 60% - 1:21
2 - 30% - 40% - 0:35
44 Forward
1 - 76% - 60% - 1:33
2 - 24% - 40% - 0:29
44 Defense
1 - 58% - 60% - 1:11
2 - 42% - 40% - 0:51
Last Minute Offensive  - 0:00
Last Minute Defensive  - 0:00
Total
Forward - 60:00
Defense - 60:00

% Time on Ice - LOS ANGELES

Lines # - Real PCT - Wanted PCT - Time Play
Normal Forward
1 - 30% - 33% - 12:50
2 - 29% - 32% - 12:24
3 - 27% - 30% - 11:34
4 - 14% - 5% - 5:45
Normal Defense
1 - 37% - 40% - 15:41
2 - 37% - 35% - 15:38
3 - 26% - 20% - 11:14
4 - 0% - 5% - 0:00
PP Forward
1 - 52% - 50% - 5:17
2 - 48% - 50% - 4:56
PP Defense
1 - 54% - 50% - 5:28
2 - 46% - 50% - 4:45
PK Forward
1 - 79% - 60% - 3:25
2 - 21% - 40% - 0:55
PK Defense
1 - 47% - 55% - 2:03
2 - 53% - 45% - 2:17
PK3 Forward
1 - 0% - 60%
2 - 0% - 40%
PK3 Defense
1 - 0% - 60%
2 - 0% - 40%
44 Forward
1 - 57% - 55% - 1:40
2 - 43% - 45% - 1:14
44 Defense
1 - 49% - 60% - 1:25
2 - 51% - 40% - 1:29
Last Minute Offensive  - 0:00
Last Minute Defensive  - 0:00
Total
Forward - 60:00
Defense - 60:00

Play-by-Play

1st period


0:01 of 1st period - Travis Zajac wins face-off versus Jonathan Toews in neutral zone.
0:10 of 1st period - Shot by Corey Perry.
0:10 of 1st period - Stopped by Antti Raanta without a rebound.
0:11 of 1st period - Mike Fisher wins face-off versus Antoine Vermette in LOS ANGELES zone.
0:19 of 1st period - Icing by Alex Goligoski.
0:20 of 1st period - Martin Hanzal wins face-off versus Nikolai Kulemin in LOS ANGELES zone.
0:20 of 1st period - Martin Hanzal is hit by Ian Cole.
0:35 of 1st period - Icing by Alex Goligoski.
0:36 of 1st period - Antoine Vermette wins face-off versus Brandon Dubinsky in LOS ANGELES zone.
0:36 of 1st period - Antoine Vermette is hit by Beau Bennett.
1:21 of 1st period - Icing by Jussi Jokinen.
1:22 of 1st period - Brandon Dubinsky wins face-off versus Matt Stajan in SAN JOSE zone.
1:43 of 1st period - Shot by Mika Zibanejad.
1:43 of 1st period - Shot Misses the Net.
1:55 of 1st period - Ryan McDonagh is hit by Chris Kreider and loses puck.
2:03 of 1st period - Chris Kreider is hit by Cam Fowler and loses puck.
2:08 of 1st period - Shot by Chris Kreider.
2:08 of 1st period - Shot Misses the Net.
2:10 of 1st period - Shot by Alexei Emelin.
2:10 of 1st period - Shot Misses the Net.
2:24 of 1st period - Cody Ceci is hit by Valtteri Filppula and loses puck.
3:54 of 1st period - Kevin Hayes is hit by Vernon Fiddler and loses puck.
4:16 of 1st period - Vernon Fiddler is hit by Brian Dumoulin and loses puck.
4:59 of 1st period - Icing by Brent Seabrook.
5:00 of 1st period - Martin Hanzal wins face-off versus Antoine Vermette in SAN JOSE zone.
5:00 of 1st period - Martin Hanzal is hit by Matthew Tkachuk.
5:10 of 1st period - Icing by Matthew Tkachuk.
5:11 of 1st period - Antoine Vermette wins face-off versus Travis Zajac in LOS ANGELES zone.
5:36 of 1st period - Shot by Antoine Vermette.
5:36 of 1st period - Stopped by Steve Mason with a rebound.
5:38 of 1st period - Shot by Antoine Vermette.
5:38 of 1st period - Stopped by Steve Mason with a rebound.
5:39 of 1st period - Minor Penalty to Cody Ceci for Holding.
5:40 of 1st period - Travis Zajac wins face-off versus Jonathan Toews in SAN JOSE zone.
6:19 of 1st period - Shot by Cam Fowler.
6:19 of 1st period - Stopped by Steve Mason without a rebound.
6:20 of 1st period - Mika Zibanejad wins face-off versus Martin Hanzal in SAN JOSE zone.
6:26 of 1st period - Jeff Skinner is hit by Roman Polak and loses puck.
6:47 of 1st period - Shot by Alex Goligoski.
6:47 of 1st period - Shot Misses the Net.
6:49 of 1st period - Shot by Ryan McDonagh.
6:49 of 1st period - Goal by Ryan McDonagh - SAN JOSE : 0 - LOS ANGELES : 1.
6:50 of 1st period - Brandon Dubinsky wins face-off versus Cody Eakin in neutral zone.
7:15 of 1st period - Shot by Jussi Jokinen.
7:15 of 1st period - Shot Blocked by Cody Eakin.
7:17 of 1st period - Shot by Beau Bennett.
7:17 of 1st period - Shot Hit the Post.
8:15 of 1st period - Shot by Mathieu Perreault.
8:15 of 1st period - Shot Misses the Net.
8:17 of 1st period - Shot by Alexei Emelin.
8:17 of 1st period - Shot Misses the Net.
8:19 of 1st period - Shot by Cody Ceci.
8:19 of 1st period - Stopped by Antti Raanta without a rebound.
8:20 of 1st period - Travis Zajac wins face-off versus Matt Stajan in LOS ANGELES zone.
8:36 of 1st period - Icing by Brooks Orpik.
8:37 of 1st period - Travis Zajac wins face-off versus Antoine Vermette in SAN JOSE zone.
8:55 of 1st period - Icing by Ian Cole.
8:56 of 1st period - Martin Hanzal wins face-off versus Antoine Vermette in LOS ANGELES zone.
9:39 of 1st period - Shot by Jeff Skinner.
9:39 of 1st period - Shot Blocked by Brent Seabrook.
9:52 of 1st period - Icing by Cam Fowler.
9:53 of 1st period - Jonathan Toews wins face-off versus Travis Zajac in LOS ANGELES zone.
10:14 of 1st period - Shot by Jeff Skinner.
10:14 of 1st period - Shot Blocked by Alexei Emelin.
10:16 of 1st period - Shot by Cam Fowler.
10:16 of 1st period - Stopped by Steve Mason with a rebound.
10:18 of 1st period - Shot by Jeff Skinner.
10:18 of 1st period - Shot Misses the Net.
10:20 of 1st period - Shot by Jonathan Toews.
10:20 of 1st period - Shot Misses the Net.
11:06 of 1st period - Kevin Hayes is hit by Fedor Tyutin and loses puck.
11:21 of 1st period - Shot by Mika Zibanejad.
11:21 of 1st period - Stopped by Steve Mason with a rebound.
11:23 of 1st period - Shot by Fedor Tyutin.
11:23 of 1st period - Stopped by Steve Mason without a rebound.
11:24 of 1st period - Martin Hanzal wins face-off versus Antoine Vermette in SAN JOSE zone.
11:24 of 1st period - Brent Seabrook is hit by Matthew Tkachuk and loses puck.
11:30 of 1st period - David Savard is hit by Ian Cole and loses puck.
12:14 of 1st period - Minor Penalty to Valtteri Filppula for Tripping.
12:15 of 1st period - Travis Zajac wins face-off versus Antoine Vermette in LOS ANGELES zone.
12:16 of 1st period - Shot by Chris Kreider.
12:16 of 1st period - Deflect By Corey Perry.
12:16 of 1st period - Stopped by Antti Raanta without a rebound.
12:17 of 1st period - Travis Zajac wins face-off versus Antoine Vermette in LOS ANGELES zone.
12:27 of 1st period - Shot by Corey Perry.
12:27 of 1st period - Stopped by Antti Raanta without a rebound.
12:28 of 1st period - Travis Zajac wins face-off versus Antoine Vermette in LOS ANGELES zone.
12:29 of 1st period - Shot by Cody Ceci.
12:29 of 1st period - Shot Blocked by Antoine Vermette.
12:31 of 1st period - Shot by Alexei Emelin.
12:31 of 1st period - Stopped by Antti Raanta without a rebound.
12:32 of 1st period - Travis Zajac wins face-off versus Antoine Vermette in LOS ANGELES zone.
13:02 of 1st period - Off-side.
13:03 of 1st period - Mike Fisher wins face-off versus Antoine Vermette in neutral zone.
14:13 of 1st period - Shot by Chris Kreider.
14:13 of 1st period - Shot Blocked by Matt Stajan.
14:15 of 1st period - Shot by Martin Hanzal.
14:15 of 1st period - Stopped by Antti Raanta without a rebound.
14:16 of 1st period - Martin Hanzal wins face-off versus Jonathan Toews in LOS ANGELES zone.
14:43 of 1st period - Shot by Mike Hoffman.
14:43 of 1st period - Shot Misses the Net.
14:49 of 1st period - Shot by Mathieu Perreault.
14:49 of 1st period - Stopped by Antti Raanta without a rebound.
14:50 of 1st period - Travis Zajac wins face-off versus Matt Stajan in LOS ANGELES zone.
15:02 of 1st period - Ryan McDonagh is hit by Chris Kreider and loses puck.
15:13 of 1st period - Shot by Valtteri Filppula.
15:13 of 1st period - Stopped by Steve Mason without a rebound.
15:14 of 1st period - Mike Fisher wins face-off versus Antoine Vermette in SAN JOSE zone.
15:36 of 1st period - Matthew Tkachuk is hit by Alexei Emelin and loses puck.
15:49 of 1st period - Nikolai Kulemin is hit by Mike Fisher and loses puck.
15:54 of 1st period - Shot by Cody Ceci.
15:54 of 1st period - Stopped by Antti Raanta without a rebound.
15:55 of 1st period - Matt Stajan wins face-off versus Travis Zajac in LOS ANGELES zone.
16:16 of 1st period - Shot by Corey Perry.
16:16 of 1st period - Shot Misses the Net.
16:22 of 1st period - David Savard is hit by Valtteri Filppula and loses puck.
16:31 of 1st period - Shot by Chris Kreider.
16:31 of 1st period - Shot Misses the Net.
16:36 of 1st period - Ryan McDonagh is hit by David Savard and loses puck.
17:08 of 1st period - Mike Hoffman is hit by Brent Seabrook and loses puck.
17:14 of 1st period - Jonathan Toews is hit by Brent Seabrook and loses puck.
17:19 of 1st period - Shot by Jonathan Toews.
17:19 of 1st period - Stopped by Steve Mason without a rebound.
17:20 of 1st period - Antoine Vermette wins face-off versus Mike Fisher in SAN JOSE zone.
17:20 of 1st period - Alex Goligoski is hit by Alexei Emelin and loses puck.
17:26 of 1st period - Minor Penalty to Alexei Emelin for Roughing.
17:27 of 1st period - Mika Zibanejad wins face-off versus Mathieu Perreault in SAN JOSE zone.
17:42 of 1st period - Icing by Jeff Skinner.
17:43 of 1st period - Travis Zajac wins face-off versus Mika Zibanejad in LOS ANGELES zone.
18:02 of 1st period - Shot by Nikolai Kulemin.
18:02 of 1st period - Stopped by Steve Mason without a rebound.
18:03 of 1st period - Jonathan Toews wins face-off versus Mathieu Perreault in SAN JOSE zone.
18:04 of 1st period - Shot by Cam Fowler.
18:04 of 1st period - Stopped by Steve Mason without a rebound.
18:05 of 1st period - Jonathan Toews wins face-off versus Travis Zajac in SAN JOSE zone.
18:38 of 1st period - Shot by Cam Fowler.
18:38 of 1st period - Shot Misses the Net.
19:03 of 1st period - Jeff Skinner is hit by Brooks Orpik.
19:05 of 1st period - Shot by Mika Zibanejad.
19:05 of 1st period - Shot Misses the Net.
19:49 of 1st period - Shot by Cody Eakin.
19:49 of 1st period - Shot Misses the Net.
19:57 of 1st period - Alex Goligoski is hit by Brandon Dubinsky and loses puck.
19:58 of 1st period - Minor Penalty to Brandon Dubinsky for Elbowing.
19:59 of 1st period - Mika Zibanejad wins face-off versus Travis Zajac in SAN JOSE zone.
Goals for this period are 0 for SAN JOSE vs 1 for LOS ANGELES.
Shots for this period are 8 for SAN JOSE vs 11 for LOS ANGELES.

2nd period


0:01 of 2nd period - Travis Zajac wins face-off versus Jonathan Toews in neutral zone.
1:13 of 2nd period - Shot by Alex Goligoski.
1:13 of 2nd period - Stopped by Steve Mason without a rebound.
1:14 of 2nd period - Nikolai Kulemin wins face-off versus Travis Zajac in SAN JOSE zone.
1:21 of 2nd period - Shot by Ryan McDonagh.
1:21 of 2nd period - Stopped by Steve Mason without a rebound.
1:22 of 2nd period - Nikolai Kulemin wins face-off versus Travis Zajac in SAN JOSE zone.
2:20 of 2nd period - Brian Dumoulin is hit by Vernon Fiddler and loses puck.
2:41 of 2nd period - Icing by Brian Dumoulin.
2:42 of 2nd period - Brandon Dubinsky wins face-off versus Jonathan Toews in SAN JOSE zone.
2:42 of 2nd period - Brandon Dubinsky is hit by Jonathan Toews.
3:08 of 2nd period - Shot by Jeff Skinner.
3:08 of 2nd period - Deflect By Jonathan Toews.
3:08 of 2nd period - Stopped by Steve Mason without a rebound.
3:09 of 2nd period - Matt Stajan wins face-off versus Mike Fisher in SAN JOSE zone.
3:35 of 2nd period - Shot by Mika Zibanejad.
3:35 of 2nd period - Shot Misses the Net.
3:37 of 2nd period - Shot by Valtteri Filppula.
3:37 of 2nd period - Shot Misses the Net.
3:39 of 2nd period - Shot by Alex Goligoski.
3:39 of 2nd period - Shot Blocked by Cody Ceci.
3:41 of 2nd period - Shot by Valtteri Filppula.
3:41 of 2nd period - Goal by Valtteri Filppula - SAN JOSE : 0 - LOS ANGELES : 2.
3:42 of 2nd period - Antoine Vermette wins face-off versus Corey Perry in neutral zone.
4:14 of 2nd period - Shot by Corey Perry.
4:14 of 2nd period - Shot Misses the Net.
4:20 of 2nd period - Shot by Chris Kreider.
4:20 of 2nd period - Stopped by Antti Raanta without a rebound.
4:21 of 2nd period - Matt Stajan wins face-off versus Mike Fisher in LOS ANGELES zone.
4:21 of 2nd period - Matt Stajan is hit by Shane Doan.
5:27 of 2nd period - Shot by Mike Hoffman.
5:27 of 2nd period - Stopped by Steve Mason without a rebound.
5:28 of 2nd period - Antoine Vermette wins face-off versus Corey Perry in SAN JOSE zone.
5:47 of 2nd period - Shot by Chris Kreider.
5:47 of 2nd period - Shot Misses the Net.
5:49 of 2nd period - Shot by Brent Seabrook.
5:49 of 2nd period - Shot Blocked by Cam Fowler.
5:51 of 2nd period - Shot by David Savard.
5:51 of 2nd period - Stopped by Antti Raanta without a rebound.
5:52 of 2nd period - Martin Hanzal wins face-off versus Jonathan Toews in LOS ANGELES zone.
6:03 of 2nd period - Shot by Martin Hanzal.
6:03 of 2nd period - Deflect By Mathieu Perreault.
6:03 of 2nd period - Stopped by Antti Raanta without a rebound.
6:04 of 2nd period - Matt Stajan wins face-off versus Travis Zajac in LOS ANGELES zone.
7:20 of 2nd period - Cody Ceci is hit by Alex Goligoski and loses puck.
7:50 of 2nd period - Icing by Alexei Emelin.
7:51 of 2nd period - Mike Fisher wins face-off versus Antoine Vermette in SAN JOSE zone.
8:01 of 2nd period - Icing by Antoine Vermette.
8:02 of 2nd period - Antoine Vermette wins face-off versus Martin Hanzal in LOS ANGELES zone.
8:33 of 2nd period - Shot by Antoine Vermette.
8:33 of 2nd period - Stopped by Steve Mason with a rebound.
8:35 of 2nd period - Shot by Matthew Tkachuk.
8:35 of 2nd period - Shot Misses the Net.
8:39 of 2nd period - Shot by Matthew Tkachuk.
8:39 of 2nd period - Goal by Matthew Tkachuk - SAN JOSE : 0 - LOS ANGELES : 3.
8:40 of 2nd period - Jonathan Toews wins face-off versus Travis Zajac in neutral zone.
8:49 of 2nd period - Off-side.
8:50 of 2nd period - Valtteri Filppula wins face-off versus Mike Fisher in neutral zone.
8:54 of 2nd period - Minor Penalty to Cody Ceci for Hooking.
8:55 of 2nd period - Jonathan Toews wins face-off versus Travis Zajac in SAN JOSE zone.
8:57 of 2nd period - Minor Penalty to David Savard for Slashing.
8:58 of 2nd period - Jonathan Toews wins face-off versus Travis Zajac in SAN JOSE zone.
9:18 of 2nd period - Shot by Matthew Tkachuk.
9:18 of 2nd period - Stopped by Steve Mason without a rebound.
9:19 of 2nd period - Travis Zajac wins face-off versus Nikolai Kulemin in SAN JOSE zone.
9:38 of 2nd period - Shot by Alex Goligoski.
9:38 of 2nd period - Stopped by Steve Mason with a rebound.
9:44 of 2nd period - Shot by Jeff Skinner.
9:44 of 2nd period - Stopped by Steve Mason without a rebound.
9:45 of 2nd period - Travis Zajac wins face-off versus Jonathan Toews in SAN JOSE zone.
9:45 of 2nd period - Travis Zajac is hit by Matthew Tkachuk.
9:55 of 2nd period - Jonathan Toews is hit by Travis Zajac and loses puck.
10:01 of 2nd period - Minor Penalty to Derek Forbort for High sticking.
10:02 of 2nd period - Jonathan Toews wins face-off versus Travis Zajac in LOS ANGELES zone.
10:16 of 2nd period - Icing by Jonathan Toews.
10:17 of 2nd period - Jonathan Toews wins face-off versus Travis Zajac in LOS ANGELES zone.
10:32 of 2nd period - Shot by Jonathan Toews.
10:32 of 2nd period - Stopped by Steve Mason with a rebound.
10:42 of 2nd period - Shot by Jeff Skinner.
10:42 of 2nd period - Shot Misses the Net.
10:44 of 2nd period - Shot by Ian Cole.
10:44 of 2nd period - Stopped by Steve Mason without a rebound.
10:45 of 2nd period - Mika Zibanejad wins face-off versus Mike Fisher in SAN JOSE zone.
11:24 of 2nd period - Shot by Mike Fisher.
11:24 of 2nd period - Goal by Mike Fisher - SAN JOSE : 1 - LOS ANGELES : 3.
11:25 of 2nd period - Martin Hanzal wins face-off versus Mike Hoffman in neutral zone.
11:28 of 2nd period - Minor Penalty to Jesper Fast for Hooking.
11:29 of 2nd period - Jonathan Toews wins face-off versus Travis Zajac in SAN JOSE zone.
11:34 of 2nd period - Shot by Alex Goligoski.
11:34 of 2nd period - Shot Misses the Net.
11:47 of 2nd period - Icing by Alex Goligoski.
11:48 of 2nd period - Jonathan Toews wins face-off versus Travis Zajac in LOS ANGELES zone.
12:11 of 2nd period - Shot by Alex Goligoski.
12:11 of 2nd period - Shot Misses the Net.
12:50 of 2nd period - Shot by Cam Fowler.
12:50 of 2nd period - Shot Blocked by Alexei Emelin.
12:52 of 2nd period - Shot by Cam Fowler.
12:52 of 2nd period - Stopped by Steve Mason without a rebound.
12:53 of 2nd period - Mika Zibanejad wins face-off versus Travis Zajac in SAN JOSE zone.
13:10 of 2nd period - Icing by Cam Fowler.
13:11 of 2nd period - Mika Zibanejad wins face-off versus Travis Zajac in LOS ANGELES zone.
13:22 of 2nd period - Shot by Derek Forbort.
13:22 of 2nd period - Shot Blocked by Cody Ceci.
13:24 of 2nd period - Shot by Jeff Skinner.
13:24 of 2nd period - Shot Misses the Net.
13:26 of 2nd period - Shot by Mika Zibanejad.
13:26 of 2nd period - Shot Misses the Net.
13:30 of 2nd period - Shot by Ian Cole.
13:30 of 2nd period - Stopped by Steve Mason without a rebound.
13:31 of 2nd period - Cody Eakin wins face-off versus Martin Hanzal in SAN JOSE zone.
13:50 of 2nd period - Shot by Mathieu Perreault.
13:50 of 2nd period - Stopped by Antti Raanta without a rebound.
13:51 of 2nd period - Jonathan Toews wins face-off versus Travis Zajac in LOS ANGELES zone.
14:16 of 2nd period - Shot by Jonathan Toews.
14:16 of 2nd period - Shot Blocked by Alexei Emelin.
15:04 of 2nd period - Mika Zibanejad is hit by Brent Seabrook and loses puck.
15:17 of 2nd period - Shot by Mika Zibanejad.
15:17 of 2nd period - Stopped by Steve Mason without a rebound.
15:18 of 2nd period - Martin Hanzal wins face-off versus Antoine Vermette in SAN JOSE zone.
16:34 of 2nd period - Minor Penalty to Mike Fisher for Holding.
16:35 of 2nd period - Travis Zajac wins face-off versus Jonathan Toews in SAN JOSE zone.
16:46 of 2nd period - Shot by Ryan McDonagh.
16:46 of 2nd period - Shot Misses the Net.
16:48 of 2nd period - Shot by Alex Goligoski.
16:48 of 2nd period - Shot Misses the Net.
17:12 of 2nd period - Shot by Ryan McDonagh.
17:12 of 2nd period - Shot Blocked by Travis Zajac.
17:14 of 2nd period - Shot by Alex Goligoski.
17:14 of 2nd period - Stopped by Steve Mason without a rebound.
17:15 of 2nd period - Travis Zajac wins face-off versus Mika Zibanejad in SAN JOSE zone.
17:33 of 2nd period - Icing by Cam Fowler.
17:34 of 2nd period - Travis Zajac wins face-off versus Mika Zibanejad in LOS ANGELES zone.
17:48 of 2nd period - Shot by Cam Fowler.
17:48 of 2nd period - Stopped by Steve Mason without a rebound.
17:49 of 2nd period - Travis Zajac wins face-off versus Jonathan Toews in SAN JOSE zone.
17:49 of 2nd period - Cody Ceci is hit by Jonathan Toews and loses puck.
17:54 of 2nd period - Shot by Alex Goligoski.
17:54 of 2nd period - Shot Blocked by Mathieu Perreault.
17:56 of 2nd period - Shot by Ryan McDonagh.
17:56 of 2nd period - Shot Blocked by Cody Ceci.
18:19 of 2nd period - Shot by Jonathan Toews.
18:19 of 2nd period - Stopped by Steve Mason without a rebound.
18:20 of 2nd period - Mika Zibanejad wins face-off versus Travis Zajac in SAN JOSE zone.
19:35 of 2nd period - Shot by Brent Seabrook.
19:35 of 2nd period - Shot Misses the Net.
Goals for this period are 1 for SAN JOSE vs 2 for LOS ANGELES.
Shots for this period are 5 for SAN JOSE vs 18 for LOS ANGELES.

3rd period


0:01 of 3rd period - Matt Stajan wins face-off versus Travis Zajac in neutral zone.
0:10 of 3rd period - Shot by Mika Zibanejad.
0:10 of 3rd period - Shot Blocked by Brent Seabrook.
0:19 of 3rd period - Icing by Chris Kreider.
0:20 of 3rd period - Jonathan Toews wins face-off versus Travis Zajac in SAN JOSE zone.
0:29 of 3rd period - Shot by Jonathan Toews.
0:29 of 3rd period - Shot Misses the Net.
0:31 of 3rd period - Shot by Alex Goligoski.
0:31 of 3rd period - Shot Misses the Net.
0:43 of 3rd period - Shot by Mike Hoffman.
0:43 of 3rd period - Stopped by Steve Mason without a rebound.
0:44 of 3rd period - Matt Stajan wins face-off versus Mike Fisher in SAN JOSE zone.
0:53 of 3rd period - Shot by Mika Zibanejad.
0:53 of 3rd period - Shot Misses the Net.
0:55 of 3rd period - Shot by Ryan McDonagh.
0:55 of 3rd period - Shot Misses the Net.
1:00 of 3rd period - Mika Zibanejad is hit by Cody Ceci and loses puck.
1:13 of 3rd period - Shot by Mika Zibanejad.
1:13 of 3rd period - Stopped by Steve Mason without a rebound.
1:14 of 3rd period - Jonathan Toews wins face-off versus Martin Hanzal in SAN JOSE zone.
2:10 of 3rd period - Martin Hanzal is hit by Ryan McDonagh.
2:18 of 3rd period - Shot by Matthew Tkachuk.
2:18 of 3rd period - Shot Blocked by David Savard.
2:32 of 3rd period - Shot by Matthew Tkachuk.
2:32 of 3rd period - Shot Blocked by Brent Seabrook.
2:34 of 3rd period - Shot by Antoine Vermette.
2:34 of 3rd period - Deflect By Matthew Tkachuk.
2:34 of 3rd period - Goal by Matthew Tkachuk - SAN JOSE : 1 - LOS ANGELES : 4.
2:35 of 3rd period - Travis Zajac wins face-off versus Matt Stajan in neutral zone.
2:45 of 3rd period - Off-side.
2:46 of 3rd period - Mike Fisher wins face-off versus Matt Stajan in neutral zone.
2:52 of 3rd period - Icing by Brian Dumoulin.
2:53 of 3rd period - Mike Fisher wins face-off versus Antoine Vermette in SAN JOSE zone.
2:53 of 3rd period - Mike Fisher is hit by Matthew Tkachuk.
3:00 of 3rd period - Off-side.
3:01 of 3rd period - Matt Stajan wins face-off versus Travis Zajac in neutral zone.
3:01 of 3rd period - Cam Fowler is hit by Chris Kreider and loses puck.
3:10 of 3rd period - Shot by Ryan McDonagh.
3:10 of 3rd period - Stopped by Steve Mason with a rebound.
3:53 of 3rd period - Minor Penalty to Matt Stajan for Hooking.
3:53 of 3rd period - Minor Penalty to Cody Ceci for Interference.
3:54 of 3rd period - Travis Zajac wins face-off versus Jeff Skinner in SAN JOSE zone.
4:41 of 3rd period - Alex Goligoski is hit by Travis Zajac and loses puck.
4:47 of 3rd period - Off-side.
4:48 of 3rd period - Martin Hanzal wins face-off versus Jonathan Toews in neutral zone.
4:55 of 3rd period - Shot by Corey Perry.
4:55 of 3rd period - Shot Misses the Net.
5:02 of 3rd period - Off-side.
5:03 of 3rd period - Mika Zibanejad wins face-off versus Devin Shore in neutral zone.
7:04 of 3rd period - Icing by Brooks Orpik.
7:05 of 3rd period - Mike Hoffman wins face-off versus Martin Hanzal in SAN JOSE zone.
7:06 of 3rd period - Shot by Jonathan Toews.
7:06 of 3rd period - Stopped by Steve Mason without a rebound.
7:07 of 3rd period - Jonathan Toews wins face-off versus Travis Zajac in SAN JOSE zone.
7:28 of 3rd period - Shot by Travis Zajac.
7:28 of 3rd period - Stopped by Antti Raanta with a rebound.
7:36 of 3rd period - Shot by Chris Kreider.
7:36 of 3rd period - Stopped by Antti Raanta without a rebound.
7:37 of 3rd period - Matt Stajan wins face-off versus Mike Fisher in LOS ANGELES zone.
7:37 of 3rd period - Matt Stajan is hit by Mike Fisher.
8:08 of 3rd period - Ryan McDonagh is hit by Brian Dumoulin and loses puck.
8:11 of 3rd period - Shot by Ryan McDonagh.
8:11 of 3rd period - Stopped by Steve Mason without a rebound.
8:12 of 3rd period - Jonathan Toews wins face-off versus Travis Zajac in SAN JOSE zone.
9:07 of 3rd period - Travis Zajac is hit by Antoine Vermette and loses puck.
9:16 of 3rd period - Off-side.
9:17 of 3rd period - Mike Fisher wins face-off versus Matt Stajan in neutral zone.
10:22 of 3rd period - Shot by Antoine Vermette.
10:22 of 3rd period - Shot Misses the Net.
10:43 of 3rd period - Off-side.
10:44 of 3rd period - Martin Hanzal wins face-off versus Jonathan Toews in neutral zone.
10:47 of 3rd period - Mike Hoffman is hit by Martin Hanzal.
11:03 of 3rd period - Shot by Jeff Skinner.
11:03 of 3rd period - Shot Misses the Net.
11:23 of 3rd period - Shot by Jonathan Toews.
11:23 of 3rd period - Shot Misses the Net.
11:25 of 3rd period - Shot by Ian Cole.
11:25 of 3rd period - Deflect By Jeff Skinner.
11:25 of 3rd period - Stopped by Steve Mason without a rebound.
11:26 of 3rd period - Travis Zajac wins face-off versus Valtteri Filppula in SAN JOSE zone.
11:37 of 3rd period - Shot by Travis Zajac.
11:37 of 3rd period - Stopped by Antti Raanta without a rebound.
11:38 of 3rd period - Antoine Vermette wins face-off versus Brandon Dubinsky in LOS ANGELES zone.
11:53 of 3rd period - Shot by Matthew Tkachuk.
11:53 of 3rd period - Shot Misses the Net.
12:20 of 3rd period - Icing by Brandon Dubinsky.
12:21 of 3rd period - Jonathan Toews wins face-off versus Brandon Dubinsky in SAN JOSE zone.
12:42 of 3rd period - Off-side.
12:43 of 3rd period - Mika Zibanejad wins face-off versus Travis Zajac in neutral zone.
14:01 of 3rd period - Shot by Shane Doan.
14:01 of 3rd period - Deflect By Kevin Hayes.
14:01 of 3rd period - Shot Blocked by Matt Stajan.
14:03 of 3rd period - Shot by Brian Dumoulin.
14:03 of 3rd period - Goal by Brian Dumoulin - SAN JOSE : 2 - LOS ANGELES : 4.
14:04 of 3rd period - Jonathan Toews wins face-off versus Martin Hanzal in neutral zone.
14:10 of 3rd period - Jonathan Toews is hit by Brent Seabrook and loses puck.
15:08 of 3rd period - Shot by Nikolai Kulemin.
15:08 of 3rd period - Stopped by Steve Mason without a rebound.
15:09 of 3rd period - Nikolai Kulemin wins face-off versus Travis Zajac in SAN JOSE zone.
15:43 of 3rd period - Antoine Vermette is hit by Alexei Emelin and loses puck.
15:46 of 3rd period - Shot by Antoine Vermette.
15:46 of 3rd period - Shot Misses the Net.
16:52 of 3rd period - Off-side.
16:53 of 3rd period - Mika Zibanejad wins face-off versus Martin Hanzal in neutral zone.
16:59 of 3rd period - Ryan McDonagh is hit by Martin Hanzal and loses puck.
17:06 of 3rd period - Brooks Orpik is hit by Matt Stajan and loses puck.
17:14 of 3rd period - Off-side.
17:15 of 3rd period - Mike Hoffman wins face-off versus Mike Fisher in neutral zone.
17:44 of 3rd period - Shot by Mike Fisher.
17:44 of 3rd period - Shot Blocked by Jonathan Toews.
17:46 of 3rd period - Shot by David Savard.
17:46 of 3rd period - Stopped by Antti Raanta with a rebound.
17:48 of 3rd period - Shot by David Savard.
17:48 of 3rd period - Stopped by Antti Raanta without a rebound.
17:49 of 3rd period - Martin Hanzal wins face-off versus Matthew Tkachuk in LOS ANGELES zone.
17:49 of 3rd period - Martin Hanzal is hit by Cam Fowler.
18:06 of 3rd period - Minor Penalty to Antoine Vermette for Goalie Interference.
18:07 of 3rd period - Mika Zibanejad wins face-off versus Travis Zajac in LOS ANGELES zone.
18:07 of 3rd period - Mika Zibanejad is hit by Chris Kreider.
18:23 of 3rd period - Shot by Mika Zibanejad.
18:23 of 3rd period - Shot Misses the Net.
19:09 of 3rd period - Shot by Brent Seabrook.
19:09 of 3rd period - Deflect By Mike Fisher.
19:09 of 3rd period - Stopped by Antti Raanta without a rebound.
19:10 of 3rd period - Mike Fisher wins face-off versus Jonathan Toews in LOS ANGELES zone.
Goals for this period are 1 for SAN JOSE vs 1 for LOS ANGELES.
Shots for this period are 7 for SAN JOSE vs 8 for LOS ANGELES.